 Dungeon Crawl Stone Soup version 0.17-a0-2027-gcac42c4 (webtiles) character file.

47 Shim the Ducker (level 3, 0/24 HPs)
             Began as a High Elf Gladiator on Oct 10, 2015.
             Slain by Sigmund
             ... wielding a +0 scythe
              (6 damage)
             ... on level 2 of the Dungeon.
             The game lasted 00:09:48 (1886 turns).

Shim the Ducker (High Elf Gladiator)                Turns: 1886, Time: 00:09:48

Health: 0/24       AC:  5    Str: 14    XL:     3   Next: 48%
Magic:  4/4        EV: 14    Int: 11    God:
Gold:   45         SH:  0    Dex: 17    Spells: 0 memorised, 2 levels left

rFire  . . .     SeeInvis .     a - +0 rapier
rCold  . . .     Clarity  .     b - +0 leather armour
rNeg   . . .     SustAt   .     (no shield)
rPois  .         Gourm    .     c - +0 helmet
rElec  .         Spirit   .     r - +0 cloak
rCorr  .         Warding  .     (no gloves)
rMut   .         Stasis   .     (no boots)
MR     .....                    (no amulet)
Stlth  ++........               (no ring)
                                o - ring of flight

@: not resistant to hostile enchantments, unstealthy
A: no striking features
a: Evoke Flight


You were on level 2 of the Dungeon.
You were not hungry.

You visited 1 branch of the dungeon, and saw 2 of its levels.

You collected 45 gold pieces.

Inventory:

Hand Weapons
 a - a +0 rapier (weapon)
 n - a +0 spear of freezing
Missiles
 d - a throwing net (quivered)
 i - 85 stones
 j - a poisoned tomahawk
Armour
 b - a +0 leather armour (worn)
 c - a +0 helmet (worn)
 r - a +0 cloak (worn)
Jewellery
 o - a ring of flight (left hand)
Wands
 p - a wand of frost (21)
Scrolls
 f - a scroll of blinking {unknown}
 h - 3 scrolls of remove curse {unknown}
 k - a scroll of enchant armour {unknown}
 q - a scroll of fear {unknown}
 s - a scroll of teleportation {unknown}
 t - a scroll of noise {unknown}
Potions
 m - a potion of beneficial mutation {unknown}
 u - a potion of cure mutation {unknown}
Comestibles
 e - 2 bread rations
 g - a beef jerky
 l - 4 meat rations


   Skills:
 + Level 2.2 Fighting
 + Level 3.9 Short Blades
 + Level 2.2 Throwing
 + Level 0.5 Armour
 + Level 4.1 Dodging
 * Level 1.3 Stealth


You had 2 spell levels left.
You didn't know any spells.

Dungeon Overview and Level Annotations

Branches:
Dungeon (2/15)

Altars:

Annotations:
D:2 Sigmund


Message History

a hunting sling; an uncursed club; a goblin corpse A worm and a goblin come into view.
Something unseen opens the door.
You hear some strange, mumbled words.
Something tries to affect you, but you resist.
You hear some strange, mumbled words.
You are confused.
You bump into the rock wall.
A magic dart appears from out of thin air!
The magic dart hits you! Something barely misses you. Something hits you.
You hear some strange, mumbled words.
A magic dart appears from out of thin air!
The magic dart hits you!
You feel less confused. Something hits you.
* * * LOW HITPOINT WARNING * * *
Something hits you.
You die...

.....#.# #..### ##+#####
#...... ####.#.#
##.###.#......# #......
#....#.# #..##.#......#
#...... #.#....#
##.##.#......###......
#.#....#
#..#.##.........#####
#.###.P#
###.#.##.........#
#####P.##
#.....##.........# ##
#...#.# #.....##.[.......#
.. # #....##
#....@##.........# .. #
#.#...##
#...#.##.###....## .. #
##...P.# #...#..#.# #....#
.. # #######
#...').#.###....## .. #
#####...##.#.........# ..
# #.......##.......(...#
.. #
#....#...##..........# ..
#
#....###+##..........#####
# #...... #.>............#


There were no monsters in sight!

Vanquished Creatures
  2 adders (D:2)
  4 hobgoblins
  8 kobolds
  6 ball pythons
  3 bats
  A giant newt (D:1)
  3 goblins
  3 rats
30 creatures vanquished.

Notes
Turn   | Place    | Note
--------------------------------------------------------------
     0 | D:1      | Shim the High Elf Gladiator began the quest for the Orb.
     0 | D:1      | Reached XP level 1. HP: 14/14 MP: 2/2
   512 | D:1      | Reached XP level 2. HP: 19/19 MP: 3/3
  1149 | D:2      | Reached skill level 4 in Dodging
  1328 | D:2      | Reached XP level 3. HP: 24/24 MP: 4/4
  1484 | D:2      | Reached skill level 1 in Stealth
  1844 | D:2      | Noticed Sigmund
  1886 | D:2      | Slain by Sigmund

Vault maps used:
D:1:      ncdulo_smallfort, corner_web_ring
D:2:      kennysheep_cluttered_room, grunt_ministairs_3,
          minmay_shallow_snake_nest, uniq_sigmund

Action                   || total
-------------------------++-------
Melee: Spear             ||    11
       Rapier            ||    70
Throw: Tomahawk          ||    32
       Throwing net      ||     2
 Abil: Evoke Flight      ||     1
  Use: Potion            ||     1
  Eat: Chunk             ||     3
